AoeStats
← angelomolinaro2006

MegaRandom

508680666Analyzed
4v4 RM · 9d ago on Sep 23, 2026· 55m 21s· 8 players
Game mode
Random Map
Map size
Large (8 player)
Population
200
Speed
Normal
Resources
Standard
Victory
Conquest
Starting age
Dark Age
Ending age
Imperial Age
RankedLock teamsTeams togetherTeam positionsShared explorationLock speedFull tech treeHidden civsTurbo modeCheats
Victory
Defeat
🇭🇰 Varangians · Hong Kong SAR China
838
+6
🇬🇧 Muisca · United Kingdom
833
+6
🇨🇳 Chinese · China
612
+15
🇩🇪 Franks · Germany
500
+18
🇮🇹 Khmer · Italy
693
-16
🇧🇬 Malay · Bulgaria
622
-12
🇹🇷 Poles · Türkiye
585
-11
🇮🇹 Britons · Italy
402
-5
hallerpeter14
13:53 Feudal Age
17:42 Gold Mining
22:30 Castle Age
21:17 Double-Bit Axe
21:16 Horse Collar
23:27 Man-at-Arms
23:53 Arson
24:24 Stone Mining
25:53 Bow Saw
25:48 Heavy Plow
27:55 Gold Shaft Mining
27:50 Caravan
27:53 Long Swordsman
33:55 Imperial Age
31:55 Fletching
32:06 Padded Archer Armor
33:59 Elite Longbowman
35:50 Two-Handed Swordsman
37:08 Warwolf
43:49 Champion
44:36 Gambesons
47:42 Two-Man Saw
angelomolinaro2006
0:30 Loom
10:30 Feudal Age
11:03 Double-Bit Axe
15:32 Town Watch
25:13 Castle Age
23:50 Stone Mining
26:23 Crossbowman
31:18 Gold Mining
32:46 Wheelbarrow
34:26 Gold Shaft Mining
39:19 Imperial Age
39:28 Pikeman
40:22 Town Patrol
40:39 Hand Cart
42:13 Fletching
42:34 Forging
44:58 Stone Shaft Mining
mimisler43
12:41 Feudal Age
13:21 Double-Bit Axe
14:43 Horse Collar
16:57 Wheelbarrow
17:28 Gold Mining
26:24 Castle Age
24:20 Stone Mining
27:11 Bloodlines
27:33 Hand Cart
28:03 Light Cavalry
28:51 Husbandry
30:04 Heavy Plow
30:39 Bow Saw
32:55 Stone Shaft Mining
32:38 Caravan
39:01 Imperial Age
37:58 Coinage
39:36 Szlachta Privileges
40:30 Crop Rotation
41:14 Banking
42:48 Winged Hussar
43:42 Scale Barding Armor
43:47 Forging
43:28 Fletching
43:39 Scale Mail Armor
43:40 Padded Archer Armor
43:48 Elite Obuch
44:55 Lechitic Legacy
44:44 Treadmill Crane
45:13 Thumb Ring
45:46 Elite Obuch
46:49 Ballistics
47:29 Chemistry
48:21 Chain Barding Armor
50:43 Bombard Tower
49:47 Heavy Mounted Crossbowman
52:30 Conscription
yomamacry
0:41 Loom
13:05 Feudal Age
13:51 Wheelbarrow
13:03 Double-Bit Axe
13:02 Horse Collar
18:43 Town Watch
21:59 Castle Age
20:23 Forging
20:56 Scale Barding Armor
23:35 Caravan
24:40 Hand Cart
24:50 Bow Saw
31:48 Imperial Age
30:32 Stone Mining
30:36 Gold Mining
32:02 Gold Shaft Mining
31:23 Fletching
32:36 Heavy Plow
33:51 Murder Holes
34:57 Chemistry
34:35 Town Patrol
34:52 Bodkin Arrow
39:19 Forced Levy
39:58 Iron Casting
38:59 Man-at-Arms
39:43 Squires
39:41 Long Swordsman
40:35 Padded Archer Armor
41:11 Elite Skirmisher
42:36 Two-Handed Swordsman
53:45 Conscription
52:45 Elite Karambit Warrior
54:34 Bracer
54:50 Leather Archer Armor
55:35 Blast Furnace
Whisky Romeo
12:31 Loom
17:27 Feudal Age
19:30 Wheelbarrow
18:50 Double-Bit Axe
23:02 Forging
22:53 Scale Mail Armor
22:57 Man-at-Arms
26:10 Fletching
26:20 Padded Archer Armor
31:49 Castle Age
32:06 Town Watch
33:52 Fervor
44:04 Sanctity
45:55 Crossbowman
53:26 Caravan
53:41 Bodkin Arrow
Sneaky Brit
6:50 Loom
12:29 Feudal Age
13:12 Horse Collar
13:23 Double-Bit Axe
22:27 Castle Age
23:35 Heavy Plow
25:08 Bow Saw
27:29 Gold Mining
27:35 Stone Mining
37:54 Imperial Age
36:00 Wheelbarrow
37:30 Forging
37:20 Scale Mail Armor
37:11 Fletching
37:21 Padded Archer Armor
36:44 Champi Runner
37:26 Squires
36:46 Pikeman
38:59 Elite Temple Guard
44:34 Iron Casting
44:14 Chain Mail Armor
44:13 Thumb Ring
43:29 Crossbowman
43:52 Capped Ram
44:11 Elite Skirmisher
44:44 Champi Warrior
47:18 Plate Mail Armor
46:18 Elite Champi Warrior
50:03 Chemistry
49:24 Ballistics
52:47 Bodkin Arrow
53:07 Leather Archer Armor
53:25 Elite Guecha Warrior
55:02 Onager
yanbb0916
12:55 Feudal Age
11:11 Loom
13:54 Double-Bit Axe
13:52 Horse Collar
21:27 Castle Age
22:44 Bow Saw
24:29 Stone Mining
24:50 Heavy Plow
25:04 Stone Mining
25:05 Gold Mining
26:22 Stone Shaft Mining
26:30 Wheelbarrow
27:42 Hand Cart
32:16 Imperial Age
29:32 Town Watch
33:13 Forging
33:09 Scale Barding Armor
33:22 Elite Jarl
34:23 Conscription
33:57 Treadmill Crane
34:46 Fervor
37:52 Iron Casting
37:37 Chain Barding Armor
37:58 Town Patrol
40:41 Blast Furnace
40:16 Plate Barding Armor
39:09 Vendel Legacy
40:20 Gothikon
40:31 Vendel Legacy
40:40 Gothikon
42:05 Crop Rotation
42:41 Two-Man Saw
42:14 Caravan
42:59 Guilds
43:23 Coinage
43:47 Herbal Medicine
44:42 Ballistics
45:22 Chemistry
44:33 Masonry
44:29 Siege Engineers
44:20 Murder Holes
49:24 Architecture
76561199640613672
12:38 Feudal Age
13:14 Double-Bit Axe
24:33 Castle Age
23:20 Horse Collar
24:16 Stone Mining
25:30 Gold Mining
26:19 Stone Shaft Mining
25:57 Bow Saw
25:50 Heavy Plow
34:09 Imperial Age
33:53 Gold Shaft Mining
33:33 Padded Archer Armor
33:24 Fletching
36:00 Leather Archer Armor
37:00 Two-Man Saw
42:55 Wheelbarrow
42:17 Elite Chu Ko Nu
48:32 Ring Archer Armor
47:57 Bodkin Arrow
48:28 Ballistics
49:19 Chemistry
48:50 Conscription
49:42 Hand Cart
51:01 Bracer
Connection lost

Rejoining the realm…

Still unreachable

The connection could not be restored.

Session expired

The server has moved on; the page needs a fresh start.